 Dungeon Crawl Stone Soup version 0.20.0-15-g7f486f2 (webtiles) character file.

87 Chiseanne the Magician (level 4, -3/30 HPs)
             Began as a Demonspawn Wizard on June 15, 2017.
             Slain by a gnoll
             ... wielding a +0 halberd
              (8 damage)
             ... on level 2 of the Dungeon.
             The game lasted 00:02:47 (2578 turns).

Chiseanne the Magician (Demonspawn Wizard)          Turns: 2578, Time: 00:02:48

Health: -3/30      AC:  4    Str:  8    XL:     4   Next: 28%
Magic:  6/9        EV: 12    Int: 20    God:
Gold:   82         SH:  0    Dex: 11    Spells: 9/10 levels left

rFire    . . .     SeeInvis .   m - +1 dagger (venom)
rCold    . . .     Gourm    .   (no shield)
rNeg     . . .     Faith    .   a - +0 robe
rPois    .         Spirit   .   b - +0 hat
rElec    .         Reflect  .   (no cloak)
rCorr    .         Harm     .   (no gloves)
MR       .....                  (no boots)
Stlth    +.........             (no amulet)
Regen    0.1/turn               (no ring)
MPRegen  0.2/turn               (no ring)

@: confused
A: yellow scales 1
a: no special abilities


You were on level 2 of the Dungeon.
You were not hungry.

You visited 1 branch of the dungeon, and saw 2 of its levels.

You collected 82 gold pieces.

Inventory:

Hand Weapons
 m - a +1 dagger of venom (weapon)
Missiles
 j - 89 stones (quivered)
 k - 27 bolts
 n - 17 arrows
 p - 12 sling bullets
 q - 3 poisoned needles
Armour
 a - a +0 robe (worn)
 b - a +0 hat (worn)
Scrolls
 h - 5 scrolls of identify {unknown}
 l - a scroll of teleportation {unknown}
Potions
 e - 2 potions of ambrosia
 f - 3 potions of flight {unknown}
 g - a potion of curing {unknown}
 i - a potion of haste {unknown}
Books
 c - a book of Minor Magic

   Spells                             Type                      Level
   a - Magic Dart                     Conjuration                  1
   b - Blink                          Translocation                2
   c - Call Imp                       Summoning                    2
   d - Slow                           Hexes                        2
   e - Conjure Flame                  Conjuration/Fire             3
   f - Mephitic Cloud                 Conjuration/Poison/Air       3
Comestibles
 d - 3 bread rations


   Skills:
 - Level 1.7 Dodging
 - Level 1.7 Stealth
 * Level 3.9 Spellcasting
 * Level 3.1 Conjurations
   Level 1.0 Summonings
   Level 0.8 Translocations


You had 9 spell levels left.
You knew the following spells:

 Your Spells              Type           Power        Failure   Level  Hunger
a - Magic Dart            Conj           ###.         3%          1    None


Dungeon Overview and Level Annotations

Branches:
Dungeon (2/15)

Altars:
Dithmenos
Gozag
Uskayaw


Innate Abilities, Weirdness & Mutations

You are partially covered in yellow scales. (AC +2)


Message History

The bat closely misses you. The bat closely misses you.
The bat hits you but does no damage. The bat closely misses you.
The bat closely misses you. The gnoll barely misses you.
The bat hits you but does no damage.
The gnoll hits you from afar with a halberd!
* * * LOW HITPOINT WARNING * * *
The bat hits you but does no damage. The bat hits you.
* * * LOW HITPOINT WARNING * * *
Casting: Magic Dart
Confirm with . or Enter, or press ? or * to list all spells.
You don't know that spell.
Unknown command.
Okay, then.
It was a potion of ambrosia.
You are confused.
You feel invigorated. The bat hits you but does no damage.
The gnoll hits you from afar with a halberd!
You die...

#....# #....# ####### ## #....#
#.....# #######.
#....###########.....###.......
###....##..............##........
...<.................####........
##.....##......b..........[......
#'#...##............###.#.......
##.#####........@...<............
.......##.....gg.......##.####...
######..###.....#.##...##.# #...
#_._###.._#.....#.####.##.####...
#...##..###......................
.......###.#####..#####.#.####.÷.
#...####.#.#.......# #.......#...
##_##......#.....### #.#.#.#.#...
.###.....g######## #.#...#...†.


You could see 2 gnolls and a bat.

Vanquished Creatures
  2 gnolls (D:2)
  2 adders (D:2)
  A dart slug (D:2)
  4 leopard geckos
  5 bats
  7 goblins
  5 hobgoblins
  3 jackals (D:1)
  A quokka (D:2)
  3 frilled lizards (D:1)
  4 kobolds
  4 rats
41 creatures vanquished.

Notes
Turn   | Place    | Note
-------+----------+-------------------------------------------
     0 | D:1      | Chiseanne the Demonspawn Wizard began the quest for the Orb.
     0 | D:1      | Reached XP level 1. HP: 13/13 MP: 4/4
   387 | D:1      | Gained mutation: You are partially covered in yellow scales. (AC +2) [demonic ancestry]
   387 | D:1      | Reached XP level 2. HP: 19/19 MP: 3/6
  1600 | D:1      | Reached XP level 3. HP: 24/24 MP: 6/8
  2498 | D:2      | Found a shadowy altar of Dithmenos.
  2498 | D:2      | Found a faded altar of an unknown god.
  2503 | D:2      | Found a faded altar of an unknown god.
  2505 | D:2      | Found an opulent altar of Gozag.
  2506 | D:2      | Found a hide-covered altar of Uskayaw.
  2545 | D:2      | Reached XP level 4. HP: 30/30 MP: 3/9
  2578 | D:2      | Slain by a gnoll

Skill      XL: |  1  2  3  4 |
---------------+-------------+-----
Conjurations   | 2 3 |  3.1
Dodging        | |  1.7
Stealth        | |  1.7
Spellcasting   | |  3.9
Summonings     | |  1.0
Translocations | |  0.8

Action                   |  1- 3 |  4- 6 || total
-------------------------+-------+-------++-------
Melee: Spear             |    32 |       ||    32
       Dagger            |     3 |     4 ||     7
 Cast: Magic Dart        |    98 |     6 ||   104
  Use: Potion            |       |     1 ||     1
  Eat: Chunk             |     5 |       ||     5
Armor: Robe              |    16 |     6 ||    22
Dodge: Dodged            |    43 |    10 ||    53
